Map: Tumba primordial

Players

MrFercho

  • Race: Zerg Zerg
  • League: Gold
  • Spawn Location: 11:00

TATORREA

  • Race: Protoss Protoss
  • League: Gold
  • Spawn Location: 9:00

tigro

  • Race: Terran Terran
  • League: Bronze
  • Spawn Location: 1:00

IA (Fácil)

  • Race: Protoss Protoss
  • Spawn Location: 6:00

IA (Fácil)

  • Race: Terran Terran
  • Spawn Location: 3:00

IA (Fácil)

  • Race: Terran Terran
  • Spawn Location: 5:00

IA (Fácil)

  • Race: Zerg Zerg
  • Spawn Location: 12:00

IA (Fácil)

  • Race: Zerg Zerg
  • Spawn Location: 7:00

VOD

Have the link to the VOD?

Description

Time

  • Played on: Aug. 8, 2020, 8:13 p.m.
  • Length: 29:42
Show
View Real Time Build Order
Export as new Build Order

MrFercho Zerg 

Build Orders: Pool First, Lurkers 

Get SALT Encoding   

  12  0:19  Spawning Pool  
  11  0:23  Drone  
  11  0:26  Drone  
  13  0:36  Overlord  
  13  0:40  Drone  
  14  0:54  Drone  
  15  0:58  Drone  
  16  1:06  Queen  
  16  1:09  Zergling x2  
  19  1:17  Overlord  
  19  1:28  Zergling x2  
  20  1:39  Zergling x2  
  21  1:45  Queen  
  23  1:50  Zergling x2  
  24  2:00  Zergling x2  
  25  2:14  Zergling x2  
  26  2:19  Zergling x2  
  26  2:20  Zergling x4  
  29  2:29  Overlord  
  29  2:46  Zergling x2  
  29  2:56  Zergling x8  
  30  3:11  Zergling x2  
  26  3:22  Zergling x2  
  26  3:23  Zergling x6  
  27  3:45  Zergling x4  
  27  3:54  Zergling x2  
  27  4:03  Zergling x6  
  29  4:13  Zergling x2  
  30  4:22  Zergling x2  
  31  4:32  Drone x3  
  31  4:33  Drone  
  35  4:47  Drone  
  35  4:50  Extractor  
  35  4:52  Extractor  
  33  5:11  Hatchery  
  32  5:16  Hatchery  
  31  5:24  Drone x3  
  31  5:25  Overlord  
  34  5:32  Hatchery  
  33  5:46  Overlord  
  33  5:47  Drone x2  
  35  6:00  Drone  
  34  6:27  Metabolic Boost  
  34  6:32  Evolution Chamber  
  33  6:33  Lair  
  33  6:45  Queen x3  
  39  6:51  Drone x12  
  51  7:07  Baneling Nest  
  50  7:10  Zerg Melee Weapons Level 1  
  50  7:14  Evolution Chamber  
  49  7:19  Roach Warren  
  49  7:21  Drone  
  49  7:22  Drone x5  
  53  8:01  Roach  
  53  8:02  Roach x8  
  71  8:11  Zerg Missile Weapons Level 1  
  71  8:15  Drone  
  71  8:17  Overlord x5  
  72  8:22  Extractor  
  72  8:23  Extractor  
  70  8:27  Extractor  
  70  8:29  Extractor  
  68  8:41  Extractor  
  67  8:43  Extractor  
  67  8:46  Overlord x3  
  66  8:51  Glial Reconstitution  
  66  8:52  Centrifical Hooks, Evolution Chamber  
  65  9:03  Hatchery  
  64  9:21  Drone x3  
  64  9:22  Drone x2  
  64  9:23  Drone  
  70  9:26  Drone x2  
  70  9:27  Drone  
  70  9:29  Drone x3  
  76  9:32  Drone  
  76  9:33  Drone  
  76  9:35  Drone  
  76  9:37  Drone  
  80  9:49  Infestation Pit  
  79  9:53  Hydralisk Den  
  79  9:57  Burrow  
  78  10:09  Drone  
  78  10:10  Drone x6  
  78  10:11  Drone  
  86  10:31  Drone x9  
  95  10:47  Drone x4  
  95  10:48  Drone x3  
  102  10:53  Drone x3  
  102  10:54  Drone x2  
  107  11:14  Grooved Spines  
  107  11:17  Hive  
  107  11:24  Zerg Missile Weapons Level 2  
  107  11:25  Zerg Melee Weapons Level 2  
  107  11:43  Drone x2  
  107  11:46  Queen x3  
  115  12:16  Zerg Ground Armor Level 1  
  115  12:17  Lurker Den, Hydralisk  
  115  12:18  Hydralisk x13  
  142  12:25  Overlord x3, Muscular Augments  
  142  12:26  Overlord x3  
  142  12:27  Spire  
  141  12:38  Queen, Spore Crawler  
  141  12:42  Queen, Spore Crawler x2  
  142  12:45  Drone  
  142  12:46  Spine Crawler, Drone x5  
  142  12:49  Spine Crawler  
  146  12:58  Nydus Network  
  145  13:07  Overlord x2  
  145  13:08  Overlord  
  145  13:09  Overlord  
  145  13:18  Pneumatized Carapace  
  145  13:19  Adaptive Talons  
  145  13:25  Lurker x9  
  145  13:26  Lurker x3  
  157  13:39  Greater Spire, Spire  
  156  13:41  Mutalisk  
  156  13:42  Mutalisk x7  
  172  14:02  Corruptor x5  
  182  14:16  Seismic Spines  
  182  14:45  Zerg Ground Armor Level 2  
  182  14:46  Zerg Missile Weapons Level 3, Zerg Melee Weapons Level 3  
  182  14:48  Hatchery  
  182  14:49  Overseer  
  181  14:53  Zerg Flyer Weapons Level 1  
  181  14:54  Zerg Flyer Armor Level 1  
  180  15:22  Corruptor  
  180  15:23  Corruptor x7  
  188  15:52  Brood Lord x3  
  188  15:59  Zergling x12  
  188  16:00  Zergling x10  
  199  16:13  Tunneling Claws  
  199  16:29  Baneling x3  
  199  16:30  Baneling x20  
  128  16:55  Hydralisk x8  
  128  16:56  Hydralisk x10  
  146  17:13  Corruptor x2  
  146  17:14  Corruptor, Hydralisk  
  146  17:15  Hydralisk  
  148  17:17  Hydralisk  
  126  17:40  Zerg Ground Armor Level 3  
  126  17:42  Zerg Flyer Weapons Level 2  
  124  17:58  Hydralisk x8  
  134  18:26  Extractor x2  
  132  18:29  Zergling x22  
  132  18:30  Zergling x54  
  132  18:31  Zergling x2  
  171  18:45  Queen  
  173  18:59  Baneling  
  173  19:00  Baneling x26  
  173  19:01  Baneling x11, Hydralisk x2  
  173  19:02  Hydralisk x6  
  189  19:10  Brood Lord  
  189  19:11  Brood Lord  
  195  19:17  Brood Lord  
  195  19:21  Queen  
  161  19:47  Corruptor x6  
  161  19:48  Corruptor  
  136  20:16  Hydralisk x4  
  136  20:17  Hydralisk x5  
  111  20:51  Hydralisk  
  111  20:52  Hydralisk x10  
  133  21:02  Lurker x4  
  133  21:03  Lurker  
  57  22:27  Hatchery  
  40  23:18  Drone x3  
  37  23:20  Queen x3  
  16  23:43  Drone  
  16  23:44  Drone x5  
  16  23:47  Hatchery  
  15  24:47  Spawning Pool  
  3  25:34  Lair  
  3  26:11  Drone  
  3  26:32  Drone x2  
  3  26:33  Infestation Pit  
  3  26:36  Queen  
  4  27:11  Infestor x3  
  4  27:12  Infestor x2  
  14  27:16  Swarm Host  
  23  27:54  Drone x2  
  15  28:49  Infestor  
Show
View Real Time Build Order
Export as new Build Order

TATORREA Protoss 

Build Orders: Carriers 

Get SALT Encoding   

  12  0:04  Probe  
  13  0:16  Probe  
  14  0:24  Pylon  
  14  0:28  Probe  
  15  0:52  Gateway  
  15  0:58  Probe (Chrono Boost)  
  15  1:02  Assimilator  
  16  1:04  Pylon  
  16  1:09  Probe (Chrono Boost)  
  17  1:14  Probe (Chrono Boost)  
  18  1:23  Gateway  
  18  1:27  Probe  
  19  1:34  Assimilator  
  19  1:36  Pylon  
  19  1:39  Probe  
  20  1:50  Cybernetics Core  
  20  1:56  Probe  
  20  2:00  Zealot  
  22  2:09  Probe  
  23  2:28  Stalker x2 (Chrono Boost)  
  27  2:50  Warp Gate  
  27  2:52  Stalker x2 (Chrono Boost)  
  29  3:28  Stalker (Chrono Boost)  
  33  3:37  Stalker (Chrono Boost)  
  33  3:46  Nexus  
  33  3:49  Pylon  
  33  3:51  Pylon  
  29  4:19  Probe  
  30  4:31  Probe  
  30  4:34  Robotics Facility  
  30  4:35  Robotics Facility  
  31  4:38  Gateway  
  31  4:41  Gateway  
  31  4:44  Probe  
  32  4:56  Stalker x2, Probe  
  32  4:58  Probe  
  38  5:08  Probe  
  38  5:11  Probe  
  40  5:21  Probe  
  40  5:23  Probe  
  42  5:29  Immortal  
  42  5:30  Observer  
  42  5:33  Probe  
  48  5:39  Stalker  
  48  5:41  Probe  
  51  5:46  Probe  
  52  5:51  Assimilator  
  52  5:53  Probe  
  53  5:58  Probe  
  53  6:01  Immortal  
  58  6:32  Stalker x3  
  62  6:33  Stalker  
  62  6:34  Probe x2  
  68  6:46  Probe x2  
  70  7:28  Pylon  
  70  7:32  Pylon  
  70  7:38  Pylon  
  70  7:41  Pylon  
  70  7:46  Probe x2  
  70  7:50  Twilight Council  
  72  7:51  Forge  
  72  7:53  Forge  
  72  7:54  Forge  
  72  7:56  Robotics Bay  
  72  7:58  Probe x2  
  72  8:00  Stargate  
  72  8:03  Stargate  
  74  8:10  Probe  
  75  8:20  Assimilator, Probe  
  75  8:26  Protoss Ground Armor Level 1 (Chrono Boost), Protoss Ground Weapons Level 1 (Chrono Boost), Protoss Shields Level 1 (Chrono Boost)  
  76  8:33  Immortal x2  
  84  9:13  Nexus  
  84  9:17  Pylon  
  84  9:19  Pylon  
  84  9:22  Pylon  
  84  9:26  Pylon  
  84  9:29  Pylon  
  84  9:38  Gateway  
  84  9:40  Gateway  
  84  9:43  Gateway  
  84  9:46  Gateway  
  84  9:49  Gateway  
  84  9:52  Gateway  
  84  9:57  Colossus  
  84  9:58  Nexus  
  84  9:59  Pylon  
  90  10:00  Gateway  
  90  10:01  Pylon  
  90  10:11  Charge (Chrono Boost)  
  90  10:28  Assimilator, Probe x2  
  90  10:29  Assimilator, Probe  
  90  10:30  Protoss Ground Weapons Level 2 (Chrono Boost)  
  90  10:32  Extended Thermal Lance  
  90  10:35  Protoss Air Weapons Level 1  
  93  10:39  Protoss Shields Level 2 (Chrono Boost)  
  93  10:40  Probe  
  93  10:41  Probe x2  
  96  10:43  Protoss Ground Armor Level 2 (Chrono Boost)  
  96  10:51  Colossus  
  96  10:52  Probe  
  96  10:53  Probe x2  
  105  11:05  Probe x3  
  105  11:07  Void Ray  
  112  11:13  Void Ray  
  112  11:15  Probe  
  117  11:27  Probe  
  118  11:32  Templar Archives  
  118  11:37  Probe  
  118  11:38  Probe x2  
  118  11:39  Probe  
  122  11:47  Gateway  
  122  11:49  Pylon  
  122  11:50  Probe x2  
  122  11:51  Colossus  
  122  11:52  Pylon  
  130  11:54  Blink (Chrono Boost)  
  130  11:56  Pylon  
  130  12:03  Colossus  
  136  12:15  Fleet Beacon  
  136  12:17  Probe x4  
  140  12:25  Assimilator  
  140  12:26  Assimilator  
  140  12:29  Probe  
  141  12:37  Probe x2  
  141  12:38  Probe  
  144  12:46  Nexus  
  144  12:47  Protoss Ground Weapons Level 3 (Chrono Boost)  
  144  12:48  Pylon  
  144  12:49  Pylon  
  144  12:55  Colossus  
  144  12:57  Protoss Air Armor Level 1 (Chrono Boost)  
  150  12:59  Unknown  
  150  13:07  Void Ray x2  
  158  13:25  Protoss Ground Armor Level 3 (Chrono Boost)  
  158  13:31  Protoss Shields Level 3 (Chrono Boost), Probe x3  
  161  13:35  Psionic Storm  
  161  13:50  Zealot x3  
  161  13:51  Zealot x5  
  161  13:52  Zealot x3  
  161  13:53  Zealot  
  185  13:59  Observer x2  
  187  14:19  Void Ray (Chrono Boost), Probe x3  
  187  14:20  Void Ray (Chrono Boost), Probe  
  187  14:24  Assimilator  
  199  14:26  Assimilator  
  199  14:58  Protoss Air Weapons Level 2  
  192  15:24  Stalker x3  
  192  15:25  Stalker x2  
  191  15:56  Probe x4  
  194  15:59  Probe  
  195  16:08  Probe  
  195  16:09  Probe x3  
  91  16:55  Zealot x4  
  91  16:56  Zealot x5  
  91  16:57  Zealot x2  
  107  17:03  Carrier x2  
  107  17:06  Colossus  
  107  17:07  Colossus  
  131  17:32  Protoss Air Armor Level 2  
  111  17:41  Zealot x5  
  111  17:42  Zealot x4  
  111  17:43  High Templar x2  
  111  17:44  High Templar  
  125  17:47  Archon  
  118  17:59  Probe x3  
  118  18:00  Probe  
  122  18:07  High Templar x4  
  122  18:08  High Templar x3  
  122  18:09  High Templar x2  
  122  18:12  Archon x4  
  140  18:19  Carrier x2  
  152  18:23  Archon  
  152  18:26  Probe  
  152  18:27  Probe x3  
  155  18:28  Probe  
  157  18:39  Probe x4  
  157  18:40  Probe  
  162  18:48  High Templar x4  
  166  18:49  High Templar x2  
  166  18:51  Probe x2  
  176  19:00  Archon x3  
  176  19:06  Colossus x2  
  188  19:23  Carrier  
  188  19:24  Carrier  
  146  19:51  Zealot  
  146  19:52  Zealot x5  
  142  19:53  Zealot x4  
  142  19:54  Zealot x2  
  118  20:16  Zealot  
  118  20:17  Zealot x2  
  118  20:18  Zealot x4  
  118  20:19  Zealot x3  
  118  20:20  Zealot x2  
  136  20:28  Carrier x2  
  142  20:50  High Templar x3  
  142  20:51  High Templar x5  
  142  20:52  High Templar x4  
  142  20:55  Archon  
  142  20:56  Archon x3  
  142  20:57  Archon x2  
  166  21:22  Observer  
  167  21:27  Nexus  
  167  21:38  Zealot x2  
  167  21:39  Zealot x5  
  181  21:40  Zealot x4  
  181  21:41  Zealot  
  191  22:03  Stalker x3  
  191  22:04  Stalker  
  166  24:52  Nexus  
  165  24:55  Pylon  
  165  24:56  Pylon  
  165  25:23  Zealot x4  
  165  25:24  Zealot x3  
  165  25:26  High Templar x3  
  165  25:27  High Templar  
  187  25:30  Archon x2  
  187  25:39  Assimilator  
  187  25:41  Assimilator  
  187  26:05  Nexus  
  187  26:07  Pylon  
  187  26:19  High Templar x3  
  187  26:20  High Templar x3  
  187  26:23  Assimilator  
  187  26:24  Archon  
  187  26:25  Assimilator, Archon x2  
  149  27:07  Stalker x4  
  149  27:08  Stalker x4  
  146  27:09  Stalker x3  
  111  27:33  Stalker x2  
  111  27:34  Stalker x4  
  111  27:35  Stalker x5  
  109  28:35  Stalker x5  
  109  28:36  Stalker x4  
  109  28:37  Stalker x2  
  131  29:11  Stalker  
  131  29:12  Stalker x5  
  131  29:13  Stalker x2  
  131  29:14  Stalker x3  
  153  29:17  Nexus  
Show
View Real Time Build Order
Export as new Build Order

tigro Terran 

Build Orders:  

Get SALT Encoding   

  12  0:12  Supply Depot  
  12  0:13  SCV  
  13  0:25  SCV  
  14  0:37  SCV  
  14  0:41  Barracks  
  15  0:49  SCV  
  16  0:50  Refinery  
  16  1:01  SCV  
  17  1:14  SCV  
  17  1:16  Supply Depot  
  18  1:26  SCV  
  18  1:29  Marine  
  20  1:39  SCV  
  21  1:40  Refinery  
  21  1:46  Marine  
  22  1:51  SCV  
  23  2:03  SCV  
  23  2:04  Marine  
  23  2:05  Factory  
  25  2:15  SCV  
  26  2:22  Marine  
  27  2:28  Orbital Command  
  27  2:40  Marine  
  27  2:42  Engineering Bay  
  28  2:51  Factory Tech Lab  
  28  3:00  Barracks  
  28  3:09  Barracks Tech Lab  
  28  3:14  Siege Tank  
  31  3:31  Combat Shield  
  31  3:36  Terran Infantry Weapons Level 1  
  31  3:46  Siege Tank  
  34  4:01  Command Center  
  34  4:11  Barracks Reactor  
  34  4:50  Stimpack  
  34  4:51  Missile Turret  
  34  5:10  Marine x3  
  37  5:14  Refinery, Missile Turret  
  37  5:16  SCV  
  38  5:27  Marine  
  38  5:28  Marine x2, SCV  
  42  5:30  Terran Infantry Armor Level 1  
  42  5:37  Missile Turret  
  42  5:45  Marine  
  42  5:46  Marine x2  
  37  6:00  Missile Turret  
  37  6:01  Refinery  
  37  6:04  Marine x3  
  40  6:12  Siege Tank  
  40  6:18  SCV  
  44  6:21  Marine  
  44  6:22  Marine x2  
  47  6:30  Missile Turret, SCV  
  48  6:39  Marine x2  
  49  6:40  Marine, Starport  
  49  6:42  SCV  
  52  6:54  SCV  
  52  6:57  Marine  
  54  7:06  SCV  
  55  7:15  Marine  
  55  7:18  SCV  
  57  7:23  Medivac  
  59  7:30  SCV  
  60  7:43  SCV  
  61  7:52  Armory  
  61  7:55  SCV  
  61  7:56  Starport Tech Lab  
  62  8:20  Supply Depot  
  62  8:21  Refinery  
  62  8:30  Neosteel Armor  
  62  8:42  SCV  
  62  8:43  Supply Depot  
  63  8:54  SCV  
  64  9:06  SCV  
  65  10:10  Hi-Sec Auto Tracking  
  65  10:29  Terran Vehicle Weapons Level 1  
  65  10:43  Fusion Core  
  65  10:45  Siege Tank  
  65  10:49  Medivac  
  70  11:05  Planetary Fortress  
  70  11:07  Terran Infantry Weapons Level 2  
  70  11:15  Command Center  
  70  11:17  Thor  
  76  11:37  Weapon Refit  
  76  11:43  Battlecruiser  
  82  12:00  Thor  
  88  12:23  Terran Vehicle And Ship Armor Level 1  
  88  12:30  Marine x3  
  91  12:42  Thor  
  97  12:48  Marine x3, Battlecruiser, Refinery  
  97  12:50  SCV  
  107  13:03  SCV  
  108  13:06  Marine  
  109  13:14  Missile Turret  
  109  13:17  Rapid Reignition System  
  109  13:23  Terran Infantry Armor Level 2  
  109  13:25  Missile Turret  
  109  13:46  Missile Turret  
  109  14:06  Missile Turret  
  109  14:12  Supply Depot  
  109  14:18  Terran Ship Weapons Level 1  
  109  14:22  Refinery  
  109  14:31  Missile Turret  
  109  14:34  Marine x3, SCV  
  109  14:36  Supply Depot  
  113  14:46  SCV  
  113  14:52  Marine x2  
  116  14:53  Missile Turret  
  116  14:58  Battlecruiser, SCV  
  116  14:59  Supply Depot  
  123  15:09  Marine  
  123  15:10  SCV  
  125  15:22  SCV  
  125  15:23  Supply Depot  
  125  15:24  Missile Turret  
  125  15:26  Command Center  
  126  15:35  Refinery  
  126  15:39  Terran Infantry Weapons Level 3  
  126  15:41  Refinery  
  126  15:44  Starport  
  126  15:45  Missile Turret  
  126  16:02  Battlecruiser  
  132  16:08  Missile Turret  
  132  16:11  Terran Vehicle Weapons Level 2  
  132  16:35  Starport Tech Lab  
  132  16:36  Missile Turret  
  132  16:48  Missile Turret  
  132  17:06  Battlecruiser  
  132  17:07  Missile Turret  
  138  17:19  SCV  
  139  17:28  Missile Turret  
  139  17:31  SCV  
  140  17:39  Battlecruiser  
  140  17:41  Thor  
  140  17:44  SCV  
  153  17:48  Missile Turret  
  153  17:56  SCV  
  154  18:08  SCV  
  154  18:09  Missile Turret  
  154  18:10  Battlecruiser  
  161  18:24  Thor  
  161  18:26  Planetary Fortress  
  167  18:33  Missile Turret  
  167  18:43  Battlecruiser  
  173  18:57  Missile Turret  
  173  19:07  Thor  
  179  19:15  Battlecruiser  
  185  19:20  Terran Vehicle And Ship Armor Level 2  
  185  19:24  Missile Turret  
  185  19:34  Terran Infantry Armor Level 3  
  185  19:45  Missile Turret  
  185  20:04  Supply Depot, Missile Turret  
  185  20:24  Missile Turret  
  185  20:25  Thor  
  185  20:27  Supply Depot  
  191  20:41  Battlecruiser  
  193  20:43  Battlecruiser  
  184  21:08  Thor  
  171  21:36  Terran Ship Weapons Level 2  
  165  21:46  Battlecruiser  
  171  21:48  Battlecruiser  
  176  22:34  Command Center  
  176  22:51  Refinery  
  176  23:10  Drilling Claws  
  176  23:19  Thor  
  182  23:22  Battlecruiser x2  
  194  23:49  Refinery  
  194  23:52  Terran Vehicle Weapons Level 3  
  194  24:02  Thor  
  200  24:29  Mag-Field Accelerator  
  200  26:29  Terran Vehicle And Ship Armor Level 3  
  148  28:19  Orbital Command  
  148  28:45  Refinery x2  
  145  29:29  Missile Turret  
Show
View Real Time Build Order
Export as new Build Order

IA (Fácil) Protoss 

Build Orders:  

Get SALT Encoding   

  12  0:01  Probe  
  13  0:13  Probe  
  14  0:22  Pylon  
  14  0:25  Probe  
  15  0:36  Probe  
  16  0:44  Assimilator  
  16  0:51  Gateway  
  16  0:53  Pylon  
  16  1:19  Assimilator  
  16  1:29  Zealot  
  16  1:39  Cybernetics Core  
  18  2:05  Adept  
  18  2:07  Warp Gate  
  18  2:08  Pylon  
  18  2:12  Probe  
  21  2:24  Probe  
  22  2:36  Probe  
  23  2:46  Stalker  
  23  2:48  Probe  
  26  3:00  Probe  
  27  3:12  Probe  
  28  3:17  Stalker  
  30  3:55  Adept  
  30  4:25  Zealot  
  32  5:22  Probe  
  32  6:42  Sentry  
  32  6:45  Probe  
  35  6:48  Pylon  
  35  6:50  Robotics Facility  
  31  6:57  Probe, Nexus  
  30  7:08  Stalker  
  32  7:09  Probe  
  32  7:11  Pylon  
  33  7:34  Sentry  
  35  7:38  Observer  
  36  7:56  Observer  
  32  8:00  Zealot  
  35  8:09  Probe  
  36  8:13  Probe  
  36  8:19  Probe  
  37  8:21  Assimilator  
  37  8:25  Probe  
  37  8:26  Adept, Assimilator  
  41  8:27  Probe  
  42  8:35  Probe  
  42  8:37  Probe  
  41  8:47  Probe  
  40  8:50  Probe  
  40  8:51  Stalker  
  41  8:59  Probe  
  41  9:02  Probe  
  43  9:12  Probe  
  43  9:14  Probe  
  43  9:17  Stalker  
  43  9:22  Probe  
  44  9:26  Probe  
  44  9:30  Probe  
  43  9:38  Probe x2  
  45  9:43  Sentry  
  47  9:50  Probe x2  
  47  9:51  Immortal  
  47  10:02  Probe x2  
  43  10:14  Probe x2  
  43  10:23  Adept  
  43  10:25  Probe  
  43  10:26  Probe  
  43  10:33  Probe  
  42  10:38  Immortal, Probe  
  42  10:41  Probe  
  48  10:51  Probe  
  48  10:53  Probe  
  50  11:00  Pylon  
  50  11:03  Stalker, Probe  
  53  11:05  Probe  
  54  11:12  Probe  
  54  11:17  Probe  
  56  11:20  Probe  
  57  11:28  Probe  
  57  11:29  Sentry, Probe  
  59  11:54  Warp Prism  
  59  11:55  Zealot  
  59  12:01  Gateway  
  63  12:02  Forge  
  63  12:05  Robotics Bay  
  62  12:09  Pylon  
  62  12:12  Stargate  
  62  12:15  Zealot  
  64  12:24  Observer  
  64  12:25  Protoss Ground Weapons Level 1  
  62  12:31  Pylon  
  62  12:35  Stalker  
  59  12:38  Twilight Council  
  58  12:44  Warp Prism  
  59  12:51  Gateway  
  59  12:52  Gravitic Boosters  
  59  12:55  Sentry  
  53  13:14  Zealot  
  53  13:15  Probe  
  54  13:20  Templar Archives  
  54  13:21  Observer  
  53  13:29  Zealot  
  53  13:32  Probe  
  53  13:41  Gravitic Drive  
  53  13:44  Void Ray  
  53  13:45  Probe  
  54  13:49  Probe  
  52  13:57  Probe  
  52  13:58  Zealot  
  52  14:01  Probe  
  56  14:06  Immortal  
  56  14:09  Probe  
  56  14:13  Probe  
  55  14:21  Probe  
  51  14:24  Protoss Ground Armor Level 1  
  51  14:25  Probe  
  51  14:27  Void Ray  
  52  14:33  Probe  
  52  14:37  Probe  
  52  14:42  Zealot  
  55  14:45  Probe  
  55  14:46  Probe  
  56  14:55  Probe  
  56  14:57  Immortal, Probe  
  62  15:06  Probe  
  51  15:09  Probe  
  52  15:14  Pylon  
  52  15:18  Probe  
  49  15:24  Probe  
  45  15:30  Stalker, Observer  
  45  15:32  Stargate  
  45  15:35  Pylon  
  48  15:47  Immortal  
  48  15:50  Nexus  
  52  16:07  Sentry  
  54  16:12  Twilight Council  
  54  16:18  Void Ray  
  58  16:41  Adept, Protoss Ground Weapons Level 2  
  60  16:52  Phoenix  
  62  17:02  Probe  
  62  17:07  Probe  
  64  17:08  Pylon  
  64  17:11  Probe  
  64  17:13  Protoss Air Weapons Level 1  
  64  17:14  Zealot  
  63  17:16  Probe  
  63  17:20  Probe  
  61  17:24  Probe  
  61  17:27  Zealot  
  61  17:29  Probe  
  61  17:33  Probe  
  62  17:38  Probe  
  62  17:40  Stalker  
  62  17:42  Probe  
  66  17:54  Stalker  
  66  17:55  Assimilator  
  68  18:01  Assimilator  
  68  18:07  High Templar  
  70  18:20  Stalker  
  70  18:24  Probe  
  73  18:32  Stalker  
  75  18:35  Colossus  
  75  18:40  Probe  
  81  19:02  Protoss Air Armor Level 1  
  81  19:04  Fleet Beacon, Protoss Ground Armor Level 2  
  80  19:40  Tempest  
  84  20:52  Sentry  
  85  21:03  Sentry  
  87  21:15  High Templar  
  89  21:23  Nexus  
  89  21:56  High Templar  
  86  22:57  Nexus  
  86  24:07  Probe, Zealot  
  76  24:13  Observer  
  76  24:15  Probe  
  76  24:16  Probe  
  51  24:19  Probe, Zealot  
  52  24:27  Observer  
  52  24:28  Probe x2  
  52  24:29  Assimilator  
  52  24:30  Stalker  
  50  24:32  Assimilator  
  50  24:33  Probe  
  50  24:37  Probe  
  50  24:42  Stalker, Observer  
  49  24:45  Probe  
  49  24:50  Stalker, Probe  
  54  24:54  Probe  
  54  24:57  Probe  
  54  24:59  Stalker  
  57  25:03  Probe  
  58  25:07  Probe  
  58  25:08  Probe, Zealot  
  61  25:14  Probe  
  61  25:16  Stalker  
  64  25:31  Zealot  
  66  25:38  Probe  
  62  25:44  Probe  
  62  25:45  Void Ray  
  62  25:50  Immortal, Probe  
  62  25:56  Probe  
  64  26:02  Probe  
  67  26:08  Probe  
  64  26:14  Stalker, Immortal, Probe  
  67  26:19  Void Ray  
  67  26:20  Probe  
  71  26:35  Probe  
  71  26:38  Nexus  
  61  26:40  Probe  
  61  26:42  Assimilator  
  61  26:43  Immortal  
  64  26:47  Probe  
  64  26:52  Probe  
  56  26:57  Sentry  
  56  26:59  Probe  
  48  27:04  Probe  
  48  27:06  Zealot  
  48  27:07  Probe  
  51  27:14  Stalker  
  54  27:15  Probe  
  54  27:16  Probe  
  54  27:22  Nexus  
  56  27:23  Stalker  
  56  27:25  Probe  
  56  27:29  Probe  
  59  27:33  Probe  
  60  27:37  Void Ray  
  60  27:38  Observer  
  60  27:41  Probe  
  60  27:42  Probe  
  66  27:50  Zealot  
  63  27:53  Probe  
  63  27:55  Probe  
  61  27:59  Sentry  
  63  28:16  Stalker  
  61  28:25  Sentry  
  59  28:35  Zealot  
  59  28:39  Observer  
  61  28:45  Stalker  
  61  28:46  Assimilator  
  61  28:47  Nexus  
  47  28:55  Zealot  
  41  29:05  Stalker  
  43  29:15  Zealot  
  44  29:25  High Templar  
  46  29:35  High Templar  
Show
View Real Time Build Order
Export as new Build Order

IA (Fácil) Terran 

Build Orders:  

Get SALT Encoding   

  12  0:01  SCV  
  13  0:13  SCV  
  14  0:19  Supply Depot  
  14  0:25  SCV  
  15  0:41  SCV  
  16  0:46  Barracks  
  16  0:47  Refinery  
  16  1:12  Supply Depot  
  16  1:23  Refinery  
  16  1:34  Orbital Command  
  16  1:36  Barracks Tech Lab  
  16  1:54  Marauder  
  18  2:17  Marauder, Supply Depot  
  18  2:19  SCV  
  21  2:31  SCV  
  22  2:40  Marauder  
  22  2:43  SCV  
  25  2:55  SCV  
  26  3:01  Marine  
  27  3:07  SCV  
  28  3:19  SCV  
  29  3:23  Marine  
  30  3:46  Marine  
  31  3:57  SCV  
  31  4:08  Marine  
  32  5:46  Marine  
  28  6:09  Marauder  
  30  6:31  Marauder  
  32  6:40  SCV  
  32  6:43  Factory  
  32  6:44  Supply Depot  
  32  6:52  Marine, SCV  
  27  7:10  Marine  
  27  7:11  Supply Depot  
  27  7:18  SCV  
  27  7:27  Marine  
  27  7:30  Starport, SCV  
  27  7:42  SCV  
  27  7:45  Marine  
  26  7:54  SCV  
  26  8:04  Marauder  
  27  8:07  SCV  
  27  8:08  Starport Tech Lab  
  27  8:19  SCV  
  27  8:24  Marine  
  27  8:31  SCV  
  22  8:42  Marine  
  22  8:43  SCV  
  23  8:54  Hellion  
  23  8:55  SCV  
  24  9:07  SCV  
  14  9:19  SCV  
  9  9:31  SCV  
  6  9:41  Barracks  
  6  9:43  SCV  
  4  9:55  Supply Depot, SCV  
Show
View Real Time Build Order
Export as new Build Order

IA (Fácil) Terran 

Build Orders:  

Get SALT Encoding   

  12  0:01  SCV  
  13  0:13  SCV  
  14  0:18  Supply Depot  
  14  0:25  SCV  
  15  0:40  SCV  
  16  0:44  Barracks  
  16  0:45  Refinery  
  16  1:08  Supply Depot  
  16  1:19  Refinery  
  16  1:31  Marine, Orbital Command  
  17  1:50  Barracks Tech Lab  
  17  2:08  Marine  
  18  2:13  Supply Depot, SCV  
  19  2:25  SCV  
  20  2:32  Marine  
  21  2:37  SCV  
  22  2:50  SCV  
  23  2:57  Marauder  
  25  3:02  SCV  
  26  3:14  SCV  
  27  3:21  Marine  
  28  3:46  Marauder  
  24  4:11  Marauder  
  26  4:34  Marine  
  27  4:43  SCV  
  27  4:59  Marine  
  28  5:24  Marauder  
  30  5:47  Marine  
  31  6:12  Marine  
  32  6:45  Marine  
  27  6:56  SCV  
  27  6:59  Supply Depot  
  26  7:03  Marine  
  26  7:04  Factory  
  26  7:08  SCV  
  26  7:09  Command Center  
  26  7:20  SCV  
  26  7:21  Marine  
  27  7:25  Supply Depot  
  27  7:32  SCV  
  28  7:39  Marine  
  29  7:51  Starport  
  29  7:57  Marauder  
  31  8:18  Marine  
  32  8:23  SCV  
  32  8:27  SCV  
  32  8:32  Refinery  
  32  8:33  Starport Tech Lab  
  33  8:35  SCV  
  33  8:36  Marine  
  33  8:39  SCV, Refinery  
  34  8:45  Hellion  
  34  8:47  SCV  
  35  8:51  SCV  
  35  8:52  Raven  
  35  8:59  SCV  
  35  9:00  Marauder  
  38  9:04  SCV  
  39  9:11  SCV  
  39  9:14  Hellion  
  39  9:16  SCV  
  43  9:23  SCV  
  44  9:28  Marine, SCV  
  46  9:35  Raven, SCV  
  46  9:38  Supply Depot  
  49  9:40  SCV  
  49  9:43  Hellion  
  52  9:47  SCV  
  52  9:52  SCV  
  54  9:57  Marine  
  54  9:59  SCV  
  55  10:04  SCV  
  54  10:12  SCV  
  51  10:15  Marine  
  51  10:16  SCV  
  53  10:24  SCV  
  54  10:33  Marine  
  54  10:50  SCV  
  54  10:51  Marauder  
  49  11:12  Marine  
  50  11:30  Marine  
  51  11:39  Viking  
  52  11:54  Hellion  
  52  12:01  Engineering Bay  
  52  12:02  Supply Depot  
  52  12:04  Marine  
  51  12:09  Raven  
  51  12:22  Marauder  
  51  12:26  SCV  
  46  12:30  SCV  
  46  12:32  Hellion  
  46  12:33  Terran Infantry Weapons Level 1  
  46  12:38  SCV  
  46  12:42  SCV  
  46  12:44  Reaper  
  44  12:50  SCV  
  43  12:52  Medivac  
  43  12:54  SCV  
  44  13:02  SCV  
  44  13:07  SCV  
  45  13:14  SCV  
  45  13:15  Marine  
  45  13:19  SCV  
  46  13:22  Medivac  
  46  13:23  Command Center  
  46  13:26  SCV  
  49  13:31  SCV  
  49  13:34  Marauder  
  52  13:38  SCV  
  53  13:43  SCV  
  54  13:50  SCV  
  54  13:55  Marine  
  55  14:13  Reaper  
  55  14:36  SCV  
  56  14:40  Terran Infantry Armor Level 1, SCV  
  56  14:44  Marine  
  59  14:49  SCV  
  57  14:53  SCV  
  57  14:54  Viking  
  44  15:01  SCV  
  44  15:04  Marine  
  44  15:05  SCV  
  41  15:13  SCV  
  38  15:17  SCV  
  38  15:22  Marine  
  38  15:24  Medivac  
  38  15:25  SCV  
  41  15:30  SCV  
  41  15:32  Hellion  
  44  15:37  SCV  
  44  15:42  Marine, SCV  
  47  15:49  SCV  
  48  15:53  Medivac  
  48  15:54  SCV  
  51  16:00  Marine  
  51  16:01  SCV  
  53  16:06  SCV  
  53  16:09  Supply Depot, Hellion  
  55  16:13  SCV  
  55  16:18  SCV  
  57  16:20  Marauder  
  57  16:23  Raven  
  61  16:25  SCV  
  61  16:30  SCV  
  61  16:38  SCV  
  62  16:41  Marine  
  62  16:42  SCV  
  64  16:50  SCV  
  65  16:59  Reaper  
  64  17:03  Factory Tech Lab  
  64  17:04  Supply Depot  
  64  17:06  Raven  
  58  17:21  Hellion  
  58  17:26  Armory  
  53  17:31  Supply Depot, Marine  
  49  17:42  Siege Tank  
  46  17:49  Raven, Reaper  
  45  17:57  SCV  
  40  18:02  SCV  
  37  18:10  SCV  
  36  18:13  Terran Vehicle Weapons Level 1  
  36  18:14  Terran Infantry Weapons Level 2, SCV  
  36  18:15  Hellion  
  34  18:21  Marine  
  34  18:26  SCV  
  33  18:36  Hellion  
  33  18:38  Orbital Command  
  29  18:54  Barracks  
  25  18:56  Starport  
  23  19:20  Supply Depot  
  23  19:32  Medivac  
  24  19:40  Marine  
  24  19:43  Factory  
  24  19:44  Supply Depot  
  22  19:58  SCV  
  22  19:59  Barracks Tech Lab  
  21  20:02  Medivac  
  19  20:07  Terran Vehicle And Ship Armor Level 1  
  19  20:09  Supply Depot  
  19  20:10  SCV  
  19  20:17  Marine  
  17  20:22  SCV  
  17  20:26  Hellion  
  18  20:34  SCV  
  18  20:35  Marine  
  17  20:36  Supply Depot, Starport Tech Lab  
  17  20:46  SCV  
  17  20:48  Factory Tech Lab  
  17  20:53  Marauder  
  18  20:58  SCV  
  18  21:02  Supply Depot  
  16  21:07  Hellion  
  9  21:14  Marine  
Show
View Real Time Build Order
Export as new Build Order

IA (Fácil) Zerg 

Build Orders: Pool Only 

Get SALT Encoding   

  12  0:01  Drone  
  13  0:13  Overlord  
  13  0:18  Drone  
  14  0:31  Drone  
  14  0:35  Drone  
  16  0:43  Spawning Pool  
  16  0:45  Drone  
  16  0:49  Extractor  
  15  0:52  Drone  
  16  1:00  Overlord  
  16  1:29  Queen  
  16  1:30  Zergling x2  
  19  1:34  Roach Warren  
  19  1:35  Extractor  
  19  1:38  Drone  
  18  1:41  Zergling x2  
  18  1:43  Drone  
  20  1:51  Zergling x2  
  21  2:02  Zergling x2  
  22  2:13  Overlord  
  22  2:24  Zergling x2  
  23  2:34  Zergling x2  
  23  2:36  Drone  
  25  2:41  Drone  
  26  2:45  Drone  
  26  2:47  Roach  
  29  2:57  Zergling x2  
  24  3:04  Queen  
  24  3:08  Zergling x2  
  25  3:19  Roach  
  25  3:27  Spawning Pool  
  11  3:47  Drone  
  11  3:57  Drone  
  10  4:09  Drone  
  9  4:14  Zergling x2  
  9  4:15  Drone  
Show
View Real Time Build Order
Export as new Build Order

IA (Fácil) Zerg 

Build Orders: Hatch First 

Get SALT Encoding   

  12  0:01  Drone  
  13  0:12  Overlord  
  13  0:17  Drone  
  14  0:30  Drone  
  14  0:35  Drone  
  16  0:56  Hatchery, Drone  
  16  1:10  Spawning Pool  
  15  1:11  Extractor  
  15  1:12  Drone  
  15  1:16  Drone  
  16  1:23  Overlord  
  16  1:57  Zergling x2  
  16  1:59  Queen  
  16  2:00  Roach Warren, Drone  
  16  2:01  Zergling x2, Extractor  
  19  2:07  Drone  
  20  2:26  Drone  
  21  2:31  Drone  
  21  2:36  Drone  
  22  2:39  Zergling x2  
  22  2:41  Roach  
  22  2:42  Roach  
  22  2:43  Drone  
  28  2:50  Drone  
  29  2:55  Drone  
  30  3:03  Queen  
  28  3:10  Zergling x2  
  27  3:25  Zergling x2  
  26  3:28  Overlord  
  25  3:40  Zergling x2  
  26  3:48  Drone  
  27  3:53  Drone  
  27  3:55  Zergling x2  
  28  4:00  Drone  
  29  4:05  Overlord  
  29  4:09  Zergling x2  
  27  4:13  Queen  
  28  4:19  Drone  
  28  4:23  Zergling x2  
  30  4:24  Drone  
  30  4:28  Drone  
  32  4:33  Drone  
  32  4:38  Drone  
  34  4:41  Spawning Pool  
  32  4:48  Drone  
  32  4:53  Drone  
  19  5:29  Drone  
  19  5:30  Spawning Pool  
  19  5:34  Drone  
  19  5:38  Drone  
  14  5:43  Drone  
  14  5:47  Drone  
  13  5:51  Drone  
  13  5:55  Drone  
  14  6:01  Drone  
  14  6:05  Drone  
  14  6:09  Drone  
  13  6:21  Spawning Pool  
  9  6:27  Drone  
  5  6:38  Drone  
  3  6:41  Drone  
  3  6:45  Drone  
  4  7:01  Drone  
  4  7:05  Hatchery  
  5  7:13  Zergling x2  
  6  7:22  Drone  
  3  7:37  Drone  
  3  8:17  Drone  
Tags
 
Add a new tag
Caveats
  • Supply blocks, unpowered buildings, or Contaminate may cause inaccurate times.
  • Supply counts are checked every 10 seconds.